 Dungeon Crawl Stone Soup version 0.20-a0-923-g548304e (webtiles) character file.

3095 tilp the Carver (level 9, -15/78 HPs)
             Began as a Minotaur Berserker on Mar 26, 2017.
             Was a High Priest of Trog.
             Killed from afar by a gargoyle (21 damage)
             ... with a stone arrow
             ... on level 8 of the Dungeon.
             The game lasted 00:37:29 (5624 turns).

tilp the Carver (Minotaur Berserker)                Turns: 5624, Time: 00:37:30

Health: -15/78     AC: 14    Str: 20    XL:     9   Next: 59%
Magic:  8/8        EV: 13    Int:  4    God:    Trog [*****.]
Gold:   241        SH:  9    Dex: 13    Spells: 8/8 levels left

rFire    . . .     SeeInvis .   a - +0 falchion
rCold    . . .     Gourm    .   D - +0 buckler
rNeg     . . .     Faith    .   v - +0 scale mail
rPois    +         Spirit   .   (helmet restricted)
rElec    .         Reflect  .   p - +0 cloak
rCorr    .         Harm     .   h - +0 pair of gloves
MR       +....                  R - +0 pair of boots
Stlth    ..........             (no amulet)
Regen    0.3/turn               (no ring)
MPRegen  0.2/turn               (no ring)

@: no status effects
A: retaliatory headbutt, horns 2, iridescent scales 1, large bone plates 1,
magic resistance 1, poison resistance, weak 1, MP-powered wands
a: Berserk, Trog's Hand, Brothers in Arms, Burn Spellbooks, Renounce Religion


You were on level 8 of the Dungeon.
You worshipped Trog.
Trog was extremely pleased with you.
You were not hungry.

You visited 1 branch of the dungeon, and saw 8 of its levels.
You also visited: Sewer.

You collected 461 gold pieces.
You spent 220 gold pieces at shops.

Inventory:

Hand Weapons
 a - a +0 falchion (weapon)
 r - a +2 dagger of venom
 s - a +0 hunting sling
 J - a +2 dagger of speed
 M - a +1 war axe of flaming
Missiles
 g - 370 stones (quivered)
Armour
 b - a +0 animal skin
 h - a +0 pair of gloves (worn)
 p - a +0 cloak (worn)
 v - a +0 scale mail (worn)
 D - a +0 buckler (worn)
 R - a +0 pair of boots (worn)
Jewellery
 Q - a +6 ring of dexterity {unknown}
 V - a +6 ring of strength {unknown}
Wands
 C - a wand of paralysis (16/24)
 H - a wand of polymorph (13/24)
 L - a wand of flame (25/48)
 O - a wand of digging (7/24)
 S - a wand of enslavement (9/24)
 W - a wand of lightning (1/15)
Scrolls
 d - 2 scrolls of magic mapping {unknown}
 j - a scroll of enchant armour {unknown}
 k - 2 scrolls of noise {unknown}
 l - a scroll of immolation {unknown}
 m - 6 scrolls of identify
 o - 5 scrolls of remove curse {unknown}
 w - 4 scrolls of enchant weapon {unknown}
 y - 2 scrolls of teleportation {unknown}
 F - 4 scrolls of amnesia {unknown}
 I - a scroll of fog {unknown}
 P - a scroll of holy word {unknown}
 T - a scroll of recharging {unknown}
Potions
 e - a potion of might
 f - 2 potions of ambrosia {unknown}
 i - 2 potions of degeneration {unknown}
 n - 2 potions of berserk rage {unknown}
 t - a potion of invisibility {unknown}
 x - a potion of mutation {unknown}
 z - 2 potions of curing {unknown}
 A - 2 potions of heal wounds {unknown}
 B - 5 potions of flight {unknown}
 E - 2 potions of brilliance {unknown}
 G - a potion of lignification {unknown}
 U - a potion of haste {unknown}
Comestibles
 c - 6 bread rations
 q - 3 fruits
 u - 3 meat rations
 K - 2 royal jellies


   Skills:
 + Level 6.7 Fighting
 + Level 9.9 Long Blades
 + Level 2.2 Throwing
 + Level 8.6 Armour
 + Level 5.7 Dodging
 + Level 1.2 Stealth
 + Level 5.0 Shields


You had 8 spell levels left.
You didn't know any spells.

Dungeon Overview and Level Annotations

Branches:
Dungeon (8/15)             Temple (0/1) D:5
   Lair: D:8-11

Altars:
Elyvilon
Fedhas
Kikubaaqudgha
Makhleb
Okawaru
Qazlal
Sif Muna
Uskayaw
Vehumet
Xom
The Shining One

Shops:
D:6 }

Annotations:
D:8 Joseph


Innate Abilities, Weirdness & Mutations

You reflexively headbutt those who attack you in melee.
You have a pair of horns on your head.
You are partially covered in iridescent scales. (AC +2)
You are partially covered in large bone plates. (SH +4)
You are resistant to hostile enchantments. (MR+)
Your system is resistant to poisons. (rPois)
You are weak. (Str -2)
You expend magic power (3 MP) to strengthen your wands.


Message History

You headbutt the gargoyle, but do no damage.
You hit the gargoyle but do no damage.
You headbutt the gargoyle, but do no damage.
The gargoyle hurls a stone arrow at you.
The stone arrow hits you!
You hit the gargoyle but do no damage.
The gargoyle hurls a stone arrow at you.
The stone arrow hits you!
* * * LOW HITPOINT WARNING * * *
You hit the gargoyle but do no damage.
You headbutt the gargoyle, but do no damage.
The gargoyle hits you with a mace!
* * * LOW HITPOINT WARNING * * *
The gargoyle hurls a stone arrow at you.
You block the stone arrow.
The gargoyle hurls a stone arrow at you.
You block the stone arrow.
The gargoyle hurls a stone arrow at you.
The stone arrow hits you!
You die...

#####....#...#
#..##....#..##
.........+..##
#........#...#
#........#...#
#..##....#..########
#..##....#..##.....##
....#..).#..9.......#
...(((...#......@...#
#..###..######+###..#
#..###..# ##
#.........
......)....
.............
.............
######..##..#
##..##..#


You could see a gargoyle.

Vanquished Creatures
  Pikel (D:8)
  An ice beast (D:5)
  A black bear (D:6)
  Purgy (Sewer)
  4 sky beasts
  A phantom (D:5)
  A slave (D:8)
  2 necrophages
  2 ogres
  2 centaurs (D:8)
  Blork the orc (D:5)
  2 bullfrogs
  A scorpion (D:5)
  A water moccasin skeleton (D:7)
  2 howler monkeys
  3 wights (D:7)
  A bullfrog zombie (D:5)
  A quasit (D:7)
  2 hounds
  2 jellies
  4 orc priests
  Jessica (D:3)
  Natasha (twice) (D:3)
  2 iguanas
  2 worker ants
  7 orc wizards
  A hound skeleton (D:5)
  Robin (D:3)
  A howler monkey skeleton (D:4)
  10 adders
  A shadow imp (D:7)
  2 oozes
  2 worms
  3 dart slugs
  3 leopard geckos
  15 orcs
  16 giant cockroaches
  9 hobgoblins
  11 jackals
  3 quokkas
  3 ball pythons
  A bat (D:3)
  8 frilled lizards
  16 goblins
  9 kobolds
  5 rats (D:3)
170 creatures vanquished.

Vanquished Creatures (others)
  2 slaves (D:8)
2 creatures vanquished.

Grand Total: 172 creatures vanquished

Notes
Turn   | Place    | Note
-------+----------+-------------------------------------------
     0 | D:1      | tilp the Minotaur Berserker began the quest for the Orb.
     0 | D:1      | Reached XP level 1. HP: 19/19 MP: 0/0
   130 | D:1      | Reached XP level 2. HP: 18/27 MP: 1/1
   260 | D:1      | Reached skill level 4 in Long Blades
   543 | D:2      | Reached XP level 3. HP: 23/33 MP: 2/2
   830 | D:2      | Reached ** piety under Trog
  1287 | D:3      | Reached XP level 4. HP: 35/40 MP: 3/3
  1296 | D:3      | Noticed Natasha
  1303 | D:3      | Killed Natasha
  1373 | D:3      | Found a faded altar of an unknown god.
  1423 | D:3      | Noticed Jessica
  1432 | D:3      | Killed Jessica
  1436 | D:3      | Noticed Natasha
  1446 | D:3      | Killed Natasha
  1446 | D:3      | Reached skill level 5 in Long Blades
  1446 | D:3      | Reached XP level 5. HP: 17/47 MP: 4/4
  1597 | D:3      | Noticed Robin
  1617 | D:3      | Killed Robin
  1690 | D:3      | Found a glowing drain.
  1698 | Sewer    | Entered a sewer
  1735 | Sewer    | Noticed Purgy
  1744 | Sewer    | Killed Purgy
  1744 | Sewer    | Reached XP level 6. HP: 34/55 MP: 5/5
  1981 | D:3      | Reached *** piety under Trog
  2338 | D:4      | Found an iron altar of Okawaru.
  2372 | D:4      | Reached skill level 5 in Armour
  2455 | D:4      | Reached skill level 6 in Long Blades
  2467 | D:4      | Found a radiant altar of Vehumet.
  2525 | D:4      | Reached XP level 7. HP: 54/60 MP: 6/6
  2537 | D:4      | Found a glowing golden altar of the Shining One.
  2539 | D:4      | Found a white marble altar of Elyvilon.
  2541 | D:4      | Found a deep blue altar of Sif Muna.
  2807 | D:4      | Found an ancient bone altar of Kikubaaqudgha.
  2883 | D:5      | Entered Level 5 of the Dungeon
  2898 | D:5      | Reached skill level 5 in Fighting
  2917 | D:5      | Reached skill level 7 in Long Blades
  2948 | D:5      | Found a burning altar of Makhleb.
  2985 | D:5      | Found a staircase to the Ecumenical Temple.
  3001 | D:5      | Reached skill level 1 in Shields
  3014 | D:5      | Noticed Blork the orc
  3022 | D:5      | Noticed a dagger
  3041 | D:5      | Killed Blork the orc
  3068 | D:5      | Reached **** piety under Trog
  3096 | D:5      | Noticed a hand axe
  3163 | D:5      | Reached XP level 8. HP: 35/68 MP: 7/7
  3345 | D:5      | Found a hide-covered altar of Uskayaw.
  3623 | D:5      | Reached skill level 8 in Long Blades
  3625 | D:5      | Reached skill level 1 in Throwing
  3710 | D:6      | Found Riesekurr's Gadget Shoppe.
  3714 | D:6      | Bought a wand of digging (7/24) for 220 gold pieces
  3773 | D:6      | Gained mutation: You expend magic power (3 MP) to strengthen your wands. [mutagenic meat]
  3774 | D:6      | Gained mutation: You are partially covered in large bone plates. (SH +4) [mutagenic meat]
  3776 | D:6      | Gained mutation: You are dopey. (Int -2) [mutagenic meat]
  3777 | D:6      | Lost mutation: You are dopey. (Int -2) [mutagenic meat]
  3778 | D:6      | Gained mutation: You are weak. (Str -2) [mutagenic meat]
  3900 | D:6      | Reached skill level 5 in Dodging
  4282 | D:7      | Found a stormy altar of Qazlal.
  4345 | D:7      | Reached skill level 1 in Stealth
  4367 | D:7      | Gained mutation: You are resistant to hostile enchantments. (MR+) [mutagenic meat]
  4368 | D:7      | Gained mutation: You are partially covered in iridescent scales. (AC +2) [mutagenic meat]
  4369 | D:7      | Gained mutation: Your system is resistant to poisons. (rPois) [mutagenic meat]
  4459 | D:7      | Reached XP level 9. HP: 75/75 MP: 8/8
  4617 | D:7      | Reached skill level 9 in Long Blades
  4617 | D:7      | Reached ***** piety under Trog
  4750 | D:7      | Found a blossoming altar of Fedhas.
  5398 | D:8      | Found a shimmering altar of Xom.
  5410 | D:8      | Noticed Pikel
  5420 | D:8      | Killed Pikel
  5420 | D:8      | Reached skill level 5 in Shields
  5437 | D:8      | Noticed Joseph
  5605 | D:8      | Noticed a gargoyle
  5624 | D:8      | Killed from afar by a gargoyle

Vault maps used:
D:1:      tarquinn_simple_flora_water_d, interstate_on_off
D:2:      minmay_door_path, first_bread
D:3:      minmay_roachtagon, lightli_sewer_entry_pipes,
          chequers_ecumenical_altar_simple_redux, minmay_misc_feat_encased,
          uniq_natasha, uniq_robin, uniq_jessica
D:4:      minitemple, okawaru_gym_becter, vehumet_crystals,
          kiku_gazebo_garden_becter, minmay_misc_feat_tiny
D:5:      wad_pebble_path, dancing_weapons_uskayaw, lightli_temple_of_fire,
          uniq_blork_the_orc
D:6:      serial_shops, nicolae_shop_statue_plus
D:7:      statuecave_lemuel, grunt_qazlal_sundering, basic_altar,
          grunt_ministairs_8
D:8:      lemuel_coloured_pillars_altar, basic_altar, uniq_joseph, uniq_pikel
Sewer:    sewer_co_purgy_island

Skill      XL: |  1  2  3  4  5  6  7  8  9 |
---------------+----------------------------+-----
Fighting       | 4 5 6 |  6.7
Long Blades    | 4 5 6 7 8 9 |  9.9
Armour         | 3 4 5 6 7 8 |  8.6
Dodging        | 3 4 5 |  5.7
Shields        | 1 3 5 |  5.0
Throwing       | 1 2 |  2.2
Stealth        | 1 |  1.2

Action                   |  1- 3 |  4- 6 |  7- 9 || total
-------------------------+-------+-------+-------++-------
Melee: Falchion          |    77 |   156 |   326 ||   559
       Headbutt          |    12 |    28 |    77 ||   117
Throw: Stone             |    20 |       |    35 ||    55
Invok: Berserk           |     1 |     1 |     2 ||     4
       Burn Spellbooks   |       |     2 |       ||     2
  Use: Scroll            |     1 |       |       ||     1
  Eat: Chunk             |     2 |     6 |    19 ||    27
       Royal jelly       |       |       |     1 ||     1
Armor: Animal skin       |     3 |       |       ||     3
       Ring mail         |    28 |       |       ||    28
       Scale mail        |       |    65 |   109 ||   174
Dodge: Dodged            |    58 |    88 |   115 ||   261
Block: Buckler           |       |    10 |    86 ||    96
       Rpst.: Falchion   |    15 |    14 |    26 ||    55
